 Dungeon Crawl Stone Soup version 0.27.1-37-g7b29ead8ac (console) character file.

Game seed: 2907715556027334801

2198 grimtooth the Fighter (level 9, 0/145 (153) HPs)
             Began as an Ogre Berserker on Nov 7, 2023.
             Was a Priest of Trog.
             Slain by a warg (3 damage)
             ... on level 8 of the Dungeon.
             The game lasted 00:18:54 (9134 turns).

grimtooth the Fighter (Ogre Berserker)              Turns: 9134, Time: 00:18:55

HP:   0/145 (153)   AC:  3    Str: 25    XL:     9   Next: 34%
MP:   9/9           EV: 10    Int:  8    God:    Trog [***...]
Gold: 392           SH:  0    Dex:  9    Spells: 8/8 levels left

rFire    . . .     SeeInvis .   a - +0 mace (drain)
rCold    . . .     Faith    .   (no shield)
rNeg     + . .     Spirit   .   t - +0 animal skin
rPois    .         Reflect  .   (helmet restricted)
rElec    .         Harm     .   (no cloak)
rCorr    .         Rampage  .   (gloves unavailable)
Will     .....                  (boots unavailable)
Stlth    ..........             (no amulet)
HPRegen  0.34/turn              B - ring of positive energy
MPRegen  0.11/turn              (no ring)

@: berserking (expiring), lightly drained, very quick
A: large, unfitting armour, tough skin 1
a: Renounce Religion, Berserk, Trog's Hand


You were on level 8 of the Dungeon.
You worshipped Trog.
Trog was most pleased with you.
You visited 1 branch of the dungeon, and saw 8 of its levels.

You collected 480 gold pieces.
You spent 88 gold pieces at shops.

Inventory:

Hand Weapons
 a - a +0 mace of draining (weapon)
 b - a +2 whip of venom
Missiles
 e - 54 stones
 g - 51 poisoned darts (quivered)
 r - 5 boomerangs
 v - a throwing net {=f}
 E - 6 curare-tipped darts
Armour
 t - a +0 animal skin (worn)
Magical Staves
 w - a staff of poison
Jewellery
 q - a ring of ice
 B - a ring of positive energy (left hand)
Wands
 f - a wand of flame (24)
Scrolls
 i - a scroll of amnesia {unknown}
 j - 3 scrolls of fear {unknown}
 m - 2 scrolls of immolation {unknown}
 n - 2 scrolls of noise {unknown}
 p - 3 scrolls of enchant weapon {unknown}
 x - a scroll of holy word {unknown}
 y - 5 scrolls of teleportation {unknown}
 A - 5 scrolls of vulnerability {unknown}
 C - a scroll of magic mapping {unknown}
Potions
 c - 2 potions of lignification
 d - 2 potions of flight {unknown}
 h - 7 potions of curing
 k - 4 potions of heal wounds
 l - a potion of might {unknown}
 o - a potion of invisibility
 s - a potion of haste {unknown}
 u - 3 potions of mutation
 z - a potion of cancellation {unknown}
 D - 2 potions of resistance {unknown}
 F - a potion of berserk rage {unknown}
 G - a potion of brilliance {unknown}


   Skills:
 + Level 10.3 Fighting
 - Level 9.0 Maces & Flails
 * Level 2.3 Throwing
 - Level 2.6 Dodging


You had 8 spell levels left.
You didn't know any spells.
Your spell library was empty.

Dungeon Overview and Level Annotations

Branches:
Dungeon (8/15)             Temple (0/1) D:7
   Lair: D:8-11

Altars:
Makhleb
Wu Jian

Shops:
D:1 !

Annotations:
D:4 4 runed translucent doors
D:7 dig


Innate Abilities, Weirdness & Mutations

You are too large for most types of armour.
You have tough skin. (AC +1)


Message History

You destroy the wight!
Trog accepts your kill.
Your Throwing skill increases to level 2!
You bludgeon the orc!!
You kill the orc!
Trog accepts your kill.
The orc priest invokes the aid of Beogh against you.
Beogh smites you!
* * * LOW HITPOINT WARNING * * *
You hear a howl!
You hear a howl!
A warg comes into view.
The orc priest hits you but does no damage.
Items here: ))) [ †.
You hit the orc priest.
The orc priest is lightly wounded.
You sock the orc priest!
The orc priest is severely wounded.
The orc priest invokes the aid of Beogh against you.
Beogh smites you!
* * * LOW HITPOINT WARNING * * *
You closely miss the orc priest.
The orc priest is severely wounded.
The orc priest barely misses you.
You barely miss the orc priest.
The orc priest is severely wounded.
You sock the orc priest!
You kill the orc priest!
Trog accepts your kill.
A killer bee comes into view.
You feel a strong urge to attack something.
The killer bee buzzes angrily.
The warg barely misses you.
Items here: ))) [ †.
You barely miss the warg. The warg bites you!
* * * LOW HITPOINT WARNING * * *
You bludgeon the warg!! You drain the warg.
The warg is almost dead.
The warg bites you.
You die...

..#.........#
..........######
...............#
####.....#.####.#
#............##.#
#.##.....#.#.##.#
#######.##z..)o#.#.##.#
...........###(#.#.##.#######
........y..# #†#y#.##.......#
......()...# #o#.#.########.#
...........# #.#@#.# #.#
...........# #.h.#.# #.#
...........# ##..#.# #.#
...........# ##..#.########.#
#...###....# #...........##.#
.... #....# #...........##.#
... #....# #...........##.#
.(y .######...........##.#
#..............##.#
#..............##.#
#.....)........##.#


You could see a warg (drained) and a killer bee.

Vanquished Creatures
  A deep elf pyromancer (D:6)
  A wraith (D:5)
  A water moccasin (D:6)
  A hornet zombie (D:7)
  An ogre (D:4)
  A necrophage (D:6)
  A centaur (D:5)
  A phantom (D:6)
  A kobold brigand (D:6)
  A bullfrog (D:7)
  3 scorpions (D:6)
  A water moccasin skeleton (D:5)
  2 killer bees (D:8)
  2 wights (D:8)
  2 howler monkeys
  A hound (D:6)
  2 jellies
  An orc priest (D:8)
  2 iguanas
  A scorpion zombie (D:4)
  3 orc wizards
  A hound zombie (D:5)
  8 adders
  A white imp (D:7)
  3 ufetubi
  4 worms
  2 dart slugs
  18 orcs
  3 bats
  8 endoplasms
  5 giant cockroaches
  3 goblins
  8 hobgoblins
  2 jackals (D:2)
  13 kobolds
  A quokka (D:4)
  3 ball pythons
  3 rats
116 creatures vanquished.

Notes
Turn   | Place    | Note
-------+----------+-------------------------------------------
     0 | D:1      | grimtooth the Ogre Berserker began the quest for the Orb.
     0 | D:1      | Reached XP level 1. HP: 24/24 MP: 1/1
   270 | D:1      | Reached XP level 2. HP: 25/32 MP: 2/2
   469 | D:1      | You fall into a shaft and drop 1 floor!
   845 | D:1      | Found Muttum's Distillery.
  1500 | D:2      | Reached XP level 3. HP: 40/40 MP: 3/3
  1970 | D:2      | Found a faded altar of an unknown god.
  2221 | D:2      | Reached XP level 4. HP: 25/49 MP: 4/4
  2742 | D:3      | Reached skill level 5 in Fighting
  2776 | D:3      | Reached ** piety under Trog
  2960 | D:3      | Reached XP level 5. HP: 57/57 MP: 5/5
  3333 | D:4      | Found a large runed translucent door.
  3333 | D:4      | Found a large runed translucent door.
  3389 | D:4      | Noticed an ogre
  3400 | D:4      | Killed an ogre
  3401 | D:4      | Reached skill level 5 in Maces & Flails
  3401 | D:4      | Reached XP level 6. HP: 49/67 MP: 6/6
  3611 | D:4      | Found a large runed translucent door.
  3612 | D:4      | Found a large runed translucent door.
  3771 | D:4      | Reached skill level 6 in Fighting
  4224 | D:5      | Entered Level 5 of the Dungeon
  4297 | D:5      | Found an ornate altar of the Wu Jian Council.
  4326 | D:5      | Noticed a wraith
  4354 | D:5      | Killed a wraith
  4355 | D:5      | Reached XP level 7. HP: 72/76 MP: 7/7
  4752 | D:5      | Reached skill level 7 in Fighting
  5636 | D:6      | Reached XP level 8. HP: 18/88 MP: 8/8
  5639 | D:6      | Reached *** piety under Trog
  5991 | D:6      | Reached skill level 8 in Fighting
  6773 | D:6      | Noticed a deep elf pyromancer
  6774 | D:6      | - little ood aint ya
  6787 | D:6      | Killed a deep elf pyromancer
  6788 | D:6      | Reached skill level 9 in Fighting
  6788 | D:6      | Reached XP level 9. HP: 83/100 MP: 9/9
  7029 | D:7      | Found a staircase to the Ecumenical Temple.
  7478 | D:7      | Reached skill level 10 in Fighting
  8607 | D:1      | Bought a potion of heal wounds for 55 gold pieces
  8607 | D:1      | Bought a potion of curing for 33 gold pieces
  8799 | D:8      | Found a burning altar of Makhleb.
  8929 | D:8      | Reached skill level 1 in Throwing
  9133 | D:8      | HP: 3/145 [warg (9)]
  9134 | D:8      | Slain by a warg

Illustrated notes

..........##..........####
.###......##.............##
.##..........###.####.....#
.....#....##.# #..# #.###.##
...........#.####.###.###..#
...........#...............#
........#.....###########..#
....#..##.....#..'...+ #..#
.......##.....#..'...+ #.†#
.......##..##.#..'e.!+).#..#
...#...###.# .#.@#+++#..#..#
...#...# #.# #..#...#..#..#
####...# #.## #..#...#..#..#
####...###..#.#..#...#..#..#
..............#..#...#..#..#
####...#####..#(.#...#..#..#
#...# #..#..8...8..#..#
#...# #...............#
##### #################


Turn 6774 on D:6: - little ood aint ya

Levels and vault maps discovered:
D:1:      dpeg_arrival_snail, layout_basic, serial_shops, shop
D:2:      layout_basic, hellmonk_ecumenical_altar_prayer_group
D:3:      layout_rooms
D:4:      layout_cave_pools, serial_column_ruins, column_ruins_grid_4,
          column_ruins_open_tiny, column_ruins_grid_2, column_ruins_open_tiny,
          column_ruins_columns_straight, minmay_hollow_rounded_squares
D:5:      layout_basic, nicolae_overflow_hidden_temple, corexii_corridor_pit
D:6:      layout_rooms, guppyfry_early_elven_hall
D:7:      layout_loops_corners, minmay_temple_entry_drinking_statues,
          item_on_display_b
D:8:      layout_basic, mainiacjoe_overflow_catwalk, erik_lair_orcish_takeover,
          st_stairs_2, minmay_manual_monstrance

Skill      XL: |  1  2  3  4  5  6  7  8  9 |
---------------+----------------------------+-----
Maces & Flails | 3 4 5 6 7 8 9 |  9.0
Fighting       | 5 6 7 9 10 | 10.3
Throwing       | 2 |  2.3
Dodging        | |  2.6

Action                   |  1- 3 |  4- 6 |  7- 9 || total
-------------------------+-------+-------+-------++-------
Melee: Mace              |    79 |    44 |    89 ||   212
       Whip              |       |    88 |   134 ||   222
Throw: Stone             |    32 |    14 |     8 ||    54
       Dart              |     2 |    26 |    30 ||    58
Invok: Berserk           |       |     2 |     4 ||     6
Evoke: Wand              |       |       |     1 ||     1
  Use: Scroll            |       |     3 |     1 ||     4
Armor: Animal skin       |    27 |    23 |    34 ||    84
Dodge: Dodged            |    64 |    57 |   109 ||   230
